woodfighter, neutral female human Wizard ----- |<..--- ---- |.....---|... --..|....|.---- ---|.........| ----.|....|--- -----..|..--- --+-. ------ |..|....|. -...... |%]%%| --........ ....... |....| |.....[-- ..- ...{... ---|--------....| . ... --...... ------.---...-|...-|.. ..-.... .-|.|---|...|....|------ |..|-..[.....[|..--|.. ...%.- -...|.--..|..---...-|.(((| |..-........%......-.---+-----%.---....|.....)%...|-..%f@(((| -----.....{....----.......*.%.....|.......%..---...|...-|@(((| |..............-- --+--.---------.....*...--..|........|------ |.-----.........| |.|((((| --.......-----|...|....|------ |...| --..------- |.-.(((| ---...--- --..|...--.....- |...| ---- --|.(((| ----- -----.....----.. ---- ------ ------- --- woodfighter the Thaumaturge Experience level: 8 Strength: 12 Dexterity: 11 Constitution: 12 Intelligence: 18 Wisdom: 19 Charisma: 9 Health: 0(58) Energy: 116(127) Def: 1 Gold: 78 Moves: 7860 Dungeon seed: fJwTuLwKK1Ue4Ahh Game ID: woodfighter_1454957924 Your Inventory: Coins $ - 78 gold pieces Amulets B - an uncursed amulet of reflection (being worn) Weapons a - a blessed +1 quarterstaff (weapon in hands) V - 5 +0 spears (in quiver) Armor b - an uncursed +0 dwarvish cloak c - a cursed +0 dwarvish cloak e - an uncursed +0 cloak of magic resistance (being worn) n - an uncursed +0 dwarvish cloak q - an uncursed +0 dwarvish cloak r - an uncursed +0 elven leather helm y - an uncursed +0 dwarvish cloak z - a cursed -1 dwarvish cloak N - an uncursed +0 dwarvish cloak W - an uncursed +0 dwarvish cloak Y - an uncursed +0 dwarvish cloak Comestibles h - an uncursed pear k - an uncursed pizza o - 20 uncursed meatballs A - 3 uncursed lichen corpses L - an uncursed sprig of wolfsbane M - 3 uncursed fortune cookies O - a cursed tin of gray ooze Z - 6 uncursed food rations Scrolls F - a cursed scroll of teleportation U - a cursed scroll of enchant weapon Spellbooks G - an uncursed spellbook of identify Potions H - an uncursed potion of confusion I - a cursed potion of invisibility R - an uncursed potion of sleeping Wands T - a wand of make invisible (0:5) Tools d - 8 uncursed wax candles (0:400) f - 10 uncursed tallow candles (0:200) s - an uncursed sack Q - an uncursed brass lantern (lit) (0:488) Spells and supernatural/magical abilities: Name Level Category Fail Memory a - force bolt 1 attack 0% 61% S - stone to flesh 3 healing 77% 61% W - pray for help -- divine ? -- Your skills at the end: Miscellaneous Skills wands [Basic] Weapon Skills quarterstaff [Basic] Spellcasting Skills attack spells [Basic] enchantment spells [Basic] Final Attributes: You were fervently aligned. You were cold resistant. You were poison resistant. You were magic-protected. You had reflection. You were unlucky. You are dead. Vanquished creatures: 2 giant mimics a small mimic a watchman a lizard a dingo a jaguar 2 gnome mummies a Woodland-elf a bugbear 2 Mordor orcs 2 rock moles a rock piercer a pony a fog cloud a shrieker 6 gnome lords 3 gnomish wizards a kobold mummy 2 golden naga hatchlings a gray ooze 5 elf zombies a straw golem 2 giant ants 3 floating eyes 10 dwarves 2 homunculi a kobold shaman 3 iguanas 9 hill orcs a rothe 2 giant bats 2 monkeys 2 orc zombies a wererat 7 coyotes 2 hobbits 3 large kobolds a gecko 2 hobgoblins 5 giant rats a cave spider 2 brown molds a yellow mold a green mold a red mold 23 gnomes 2 garter snakes a gnome zombie 19 jackals 6 foxes 4 kobolds 12 newts 5 goblins 5 grid bugs 10 lichens 9 kobold zombies 198 creatures vanquished. Voluntary challenges: You were an atheist. You used a wielded weapon 64 times, starting on turn 392. You did not apply a unicorn horn. You were illiterate. You never genocided any monsters. You never polymorphed an object. You never changed form. You completed Sokoban on turn 6138, according to the rules. You used no wishes. You never split a pudding. You never wrote Elbereth's name. You violated your moral code, losing 5 points of alignment, starting on turn 7738. Dungeon overview: The Dungeons of Doom: levels 1 to 7 Level 1 (vault) some fountains a long staircase Level 2 a fountain Level 3 some fountains stairs to The Gnomish Mines Level 4 Level 5 many fountains Level 6 a fountain stairs to Sokoban Level 7 The Gnomish Mines: levels 4 to 6 Level 4 stairs to The Dungeons of Doom Level 5 Level 6 <- You were here some shops, some fountains Sokoban: levels 2 to 5 Level 2 a magic chest Level 3 Level 4 Level 5 a magic chest stairs to The Dungeons of Doom History has recorded: On T:1 you entered the Dungeons of Doom to retrieve the Amulet of Yendor! On T:237 you reached level 2 of The Dungeons of Doom. On T:826 you advanced to experience level 2. On T:875 you reached level 3 of The Dungeons of Doom. On T:1177 you advanced to experience level 3. On T:1224 you reached level 1 of The Gnomish Mines. On T:1387 you reached level 4 of The Dungeons of Doom. On T:1410 you advanced to experience level 4. On T:1660 you reached level 5 of The Dungeons of Doom. On T:2310 you advanced to experience level 5. On T:2472 you reached level 6 of The Dungeons of Doom. On T:3124 you reached level 7 of The Dungeons of Doom. On T:3159 you reached level 4 of Sokoban. On T:3272 you opened a magic chest. On T:3517 you advanced to experience level 6. On T:3527 you reached level 3 of Sokoban. On T:4071 you opened a magic chest. On T:4072 you opened a magic chest. On T:4534 you reached level 2 of Sokoban. On T:5026 you reached level 1 of Sokoban. On T:6112 you advanced to experience level 7. On T:6138 you advanced to experience level 8. On T:6138 you entered the Sokoban zoo. On T:6326 you opened a magic chest. On T:6634 you reached level 2 of The Gnomish Mines. On T:7510 you reached level 3 of The Gnomish Mines. Score breakdown: Gold: 78 ( 7 points) Experience: 8 levels ( 700 points) Exploration: 7 levels ( 180 points) Discoveries: 6 items ( 300 points) Variety of kills: 56 monsters ( 2000 points) Major goal: finished Sokoban ( 1000 points) Survival: died (score multiplied by 3) Total score: 12561 Latest messages: You put a wooden ring into the magic chest. You put a silver ring into the magic chest. You put a brass ring into the magic chest. You put an agate ring into the magic chest. You put a wire ring into the magic chest. You put a long wand into the magic chest. You put a steel wand into the magic chest. You put a short wand into the magic chest. You put a spiked wand into the magic chest. You put a wand of nothing (0:6) into the magic chest. You put a forked wand into the magic chest. You put a pick-axe into the magic chest. Your movements are now unencumbered. The spell hits the jaguar! The jaguar claws you! (2x) The jaguar bites! You die... Nenilukah gratefully inherits all your possessions. The sack is empty. The sack is empty. Final status: Goodbye woodfighter the Wizard, killed by a jaguar... You died in The Gnomish Mines on dungeon level 6 with 12561 points, and 78 pieces of gold, after 7860 moves. You were level 8 with a maximum of 58 hit points when you died.